 Dungeon Crawl Stone Soup version 0.19.3-1-g3169bf9 (webtiles) character file.

30 empire the Grasshopper (level 3, -2/43 HPs)
             Began as a Draconian Warper on Jan 25, 2017.
             Slain by an ogre
             ... wielding a +0 giant club
              (7 damage)
             ... on level 4 of the Dungeon.
             The game lasted 00:03:33 (1217 turns).

empire the Grasshopper (Draconian Warper)           Turns: 1217, Time: 00:03:34

Health: -2/43      AC: 21    Str: 13    XL:     3   Next: 5%
Magic:  6/6        EV:  2    Int: 13    God:
Gold:   80         SH:  0    Dex: 11    Spells: 2 memorised, 2 levels left

rFire  . . .     SeeInvis .     a - +0 falchion
rCold  . . .     Gourm    .     (armour unavailable)
rNeg   + + +     Faith    .     (no shield)
rPois  +         Spirit   .     (helmet currently unavailable)
rElec  .         Reflect  .     (cloak currently unavailable)
rCorr  .         Harm     .     (gloves currently unavailable)
MR     .....     NoTele   +     (boots currently unavailable)
Stlth  +.........               (no amulet)
                                (no ring)
                                (no ring)

@: tree-form, very slightly contaminated, invisible
A: unfitting armour, (cold-blooded), AC +5
a: no special abilities


You were on level 4 of the Dungeon.
You were not hungry.
You were a tree.
You visited 1 branch of the dungeon, and saw 4 of its levels.

You collected 80 gold pieces.

Inventory:

Hand Weapons
 a - a +0 falchion (weapon)
 h - a +2 dagger of speed
 n - a cursed -1 dagger
 t - a +0 dagger of venom
Missiles
 d - 5 tomahawks of dispersal (quivered)
Armour
 o - a +1 cloak (melded)
Jewellery
 e - an uncursed ring of ice {unknown}
 g - an uncursed ring of flight {unknown}
Scrolls
 c - a scroll of blinking
 i - 2 scrolls of teleportation {unknown}
 m - a scroll of fog {unknown}
 p - a scroll of noise {unknown}
 u - a scroll of magic mapping {unknown}
Books
 b - a book of Spatial Translocations

   Spells                             Type                      Level
   a - Blink                          Translocation                2
   b - Shroud of Golubria             Charms/Translocation         2
   c - Lesser Beckoning               Translocation                3
   d - Portal Projectile              Translocation                3
   e - Teleport Other                 Translocation                3
   f - Passage of Golubria            Translocation                4
Comestibles
 f - 2 bread rations
 j - 2 meat rations
 r - a beef jerky


   Skills:
 - Level 2.1 Fighting
 + Level 2.3 Long Blades
 - Level 0.8 Throwing
 + Level 2.6 Dodging
 - Level 2.2 Spellcasting
 + Level 1.0 Charms
 - Level 3.0 Translocations


You had 2 spell levels left.
You knew the following spells:

 Your Spells              Type           Power        Failure   Level  Hunger
a - Blink                 Tloc           N/A          12%         2    ###....
b - Shroud of Golubria    Chrm/Tloc      #.........   17%         2    ###....


Dungeon Overview and Level Annotations

Branches:
Dungeon (4/15)
 Temple: D:4-7

Altars:
Fedhas

Annotations:
D:2 Sigmund


Innate Abilities, Weirdness & Mutations

((Your plain brown scales are hard. (AC +5)))
You cannot fit into any form of body armour.
((You are cold-blooded and may be slowed by cold attacks.))


Message History

* * * LOW HITPOINT WARNING * * *
You strike the helpless ogre from behind!
You hit the ogre.
The ogre is heavily wounded.
The ogre barely misses you.
You catch the helpless ogre completely off-guard!
You hit the ogre.
The ogre is heavily wounded.
The ogre hits you but does no damage.
You hit the ogre.
The ogre is severely wounded.
The ogre hits you but does no damage.
You completely miss the ogre.
The ogre is severely wounded.
The ogre hits you with a giant club.
* * * LOW HITPOINT WARNING * * *
You hit the ogre.
The ogre is severely wounded.
The ogre hits you with a giant club!
You die... ############ ......O♣...# ##########.#

You could see an ogre.

Vanquished Creatures
  A leopard gecko (D:1)
  4 giant cockroaches
  A hobgoblin (D:1)
  2 jackals (D:1)
  3 kobolds
  A quokka (D:2)
  A bat (D:1)
  A frilled lizard (D:2)
  8 goblins
  3 rats
25 creatures vanquished.

Notes
Turn   | Place    | Note
-------+----------+-------------------------------------------
     0 | D:1      | empire the Draconian Warper began the quest for the Orb.
     0 | D:1      | Reached XP level 1. HP: 17/17 MP: 3/3
   259 | D:1      | Reached XP level 2. HP: 22/24 MP: 5/5
   356 | D:1      | Learned a level 2 spell: Blink
   359 | D:1      | Learned a level 2 spell: Shroud of Golubria
   980 | D:2      | Reached skill level 1 in Charms
  1036 | D:2      | Found a blossoming altar of Fedhas.
  1137 | D:2      | Reached XP level 3. HP: 29/29 MP: 6/6
  1140 | D:2      | Noticed Sigmund
  1194 | D:3      | Noticed an ogre
  1217 | D:4      | Slain by an ogre

Skill      XL: |  1  2 |
---------------+-------+-----
Charms         | 1 |  1.0
Fighting       | |  2.1
Long Blades    | |  2.3
Throwing       | |  0.8
Dodging        | |  2.6
Spellcasting   | |  2.2
Translocations | |  3.0

Action                   || total
-------------------------++-------
Melee: Falchion          ||    66
       Tailslap          ||     5
  Use: Potion            ||     4
 Stab: Invisible         ||     2
  Eat: Chunk             ||     1
Armor: Skin              ||    17
Dodge: Dodged            ||    51
       Rpst.: Falchion   ||    17
